 Dungeon Crawl Stone Soup version 0.29.1-1-gd02db6906a (webtiles) character file.

Game seed: 17723632113061398033

3863 MisterFreud the Cruncher (level 10, 0/80 HPs)
             Began as a Formicid Gladiator on Oct 4, 2022.
             Succumbed to a scorpion's poison
             ... on level 7 of the Dungeon.
             The game lasted 00:12:03 (8574 turns).

MisterFreud the Cruncher (Formicid Gladiator)       Turns: 8574, Time: 00:12:04

Health: 0/80       AC: 20    Str: 28    XL:     10   Next: 41%
Magic:  10/10      EV: 13    Int:  7    God:
Gold:   575        SH:  0    Dex: 17    Spells: 9/9 levels left

rFire   . . .      SeeInvis +   a - +1 quarterstaff (protect)
rCold   . . .      Faith    .   (no shield)
rNeg    . . .      Spirit   .   y - +0 steam dragon scales
rPois   .          Reflect  .   (helmet unavailable)
rElec   .          Harm     .   (no cloak)
rCorr   .          Rampage  .   h - +1 pair of gloves
Will    +....                   (no boots)
Stlth   ++........              (no amulet)
HPRegen 0.23/turn               f - +4 ring of protection
MPRegen 0.12/turn               w - +6 ring of strength

@: lethally poisoned (0 -> -15), under a protective aura
A: permanent stasis, dig shafts and tunnels, antennae 3, four strong arms
a: Dig, Shaft Self


You were on level 7 of the Dungeon.
You visited 2 branches of the dungeon, and saw 9 of its levels.

You collected 575 gold pieces.

Inventory:

Hand Weapons
 a - a +1 quarterstaff of protection (weapon)
Missiles
 c - 3 throwing nets (quivered)
 d - a javelin
 v - a poisoned dart
Armour
 g - a +0 ring mail
 h - a +1 pair of gloves (worn)
 y - +0 steam dragon scales (worn)
Jewellery
 f - a +4 ring of protection (left hand)
 w - a +6 ring of strength (right hand)
Wands
 k - a wand of mindburst (14)
 n - a wand of paralysis (2)
 t - a wand of flame (15)
Scrolls
 j - a scroll of summoning
 u - 3 scrolls of amnesia
 B - a scroll of butterflies
Potions
 b - a potion of degeneration {unknown}
 e - 3 potions of heal wounds
 i - 2 potions of curing
 l - 2 potions of attraction {unknown}
 m - 2 potions of flight {unknown}
 o - 5 potions of mutation
 p - a potion of ambrosia {unknown}
 q - a potion of resistance {unknown}
 s - a potion of invisibility {unknown}
 x - 2 potions of berserk rage {unknown}
 z - a potion of lignification {unknown}


   Skills:
 - Level 8.0 Fighting
 - Level 10.0 Staves
 - Level 2.0 Throwing
 - Level 8.0 Armour
 - Level 2.6 Dodging
 + Level 4.0 Evocations


You had 9 spell levels left.
You didn't know any spells.
Your spell library contained the following spells:

 Spells                   Type           Power      Damage    Failure   Level
 Dazzling Flash           Conj/Hex       0%         N/A       80%         3
 Agony                    Necr           0%         N/A       100%        5
 Silence                  Hex/Air        0%         N/A       100%        5


Dungeon Overview and Level Annotations

Branches:
Dungeon (8/15)             Temple (1/1) D:5
   Lair: D:8-11

Altars:
Ashenzari
Cheibriados
Dithmenos
Elyvilon
Fedhas
Gozag
Hepliaklqana
Kikubaaqudgha
Makhleb
Nemelex Xobeh
Qazlal
Ru
Sif Muna
Trog
Uskayaw
Vehumet
Xom
Zin
The Shining One

Shops:
D:5 [

Annotations:
D:3 3 runed translucent doors, CoolPlay's ghost, amateur MeEE
D:5 3 runed translucent doors, CoolSool's ghost, novice MfGl
D:7 3 runed translucent doors, Amaemon; Garym's ghost, novice MiBe


Innate Abilities, Weirdness & Mutations

You cannot be hasted, slowed, berserked, paralysed or teleported.
You can dig through walls and to a lower floor.
You have a pair of large antennae on your head. (SInv)
Your four strong arms can wield two-handed weapons with a shield.


Message History

You feel very sick.
Unknown command.
Unknown command.
You feel better.
Amaemon sighs, "Demons are the only companions you can really rely on."
Amaemon casts a spell.
Unknown command.
You barely miss Amaemon.
Amaemon is almost dead.
Amaemon casts a spell.
The scorpion stings you but does no damage.
The scorpion barely misses you.
You sock Amaemon!
Amaemon is almost dead.
Amaemon misses you. Amaemon claws you.
* * * LOW HITPOINT WARNING * * *
Amaemon tail-slaps you but does no damage.
The scorpion stings you but does no damage.
The scorpion barely misses you.
Unknown command.
The scorpion stings you.
* * * LOW HITPOINT WARNING * * *
You are poisoned.
The scorpion poisons you! The scorpion misses you.
Amaemon casts a spell.
The scorpion barely misses you. The scorpion closely misses you.
The scorpion stings you.
* * * LOW HITPOINT WARNING * * *
You are lethally poisoned!
The scorpion poisons you! The scorpion barely misses you.
You climb upwards.
The scorpion disappears in a puff of smoke! x8
Level annotation: 3 runed translucent doors, Garym's ghost, novice MiBe
* * * LOW HITPOINT WARNING * * *
You feel extremely sick.
There is a stone staircase leading down, spattered with blood here.
Unknown command.
You barely miss Amaemon.
Amaemon is almost dead.
You die...

##.################..#
#.....# #.## #.....# #.#
#.....# ####### #.#
#.....# #.....# #.###
#.....# #.....# #...#
###.### #.....# ###[# #.#
#.....### #.# ###.#
#@6.....# #.#
#...#######..###.# #.#
#.#.....# #..###.## #.#
#...###.# #.......# #.#
##### ##..###.###.#.##>.#
#.# ....#
#..#..........#.†###.#####
###.#
#..#.#.###................
# #.# ##..#.#.#
#..####.##.#####. ###.#
#.#.....#
#..####.##.##....


You could see Amaemon.

Vanquished Creatures
  An orange demon (D:8)
  4 yaks (D:7)
  A steam dragon (D:6)
  4 vampire mosquitoes
  Menkaure (D:7)
  A water moccasin (D:7)
  Duvessa (D:5)
  An orc warrior (D:7)
  3 black bears
  An ice beast (D:7)
  3 ogres
  A bullfrog (D:6)
  3 scorpions
  4 wights (D:7)
  Dowan (D:5)
  2 howler monkeys
  2 jellies
  A gnoll bouda (D:5)
  2 hounds
  3 orc priests
  Jessica (D:3)
  Ijyb (D:3)
  4 iguanas
  5 orc wizards
  9 gnolls
  3 adders
  A shadow imp (D:6)
  A white imp (D:6)
  3 ufetubi
  4 worms
  A dart slug (D:4)
  12 orcs
  8 endoplasms
  2 giant cockroaches
  7 goblins
  7 hobgoblins
  8 jackals (D:1)
  A quokka (D:2)
  8 ball pythons
  5 bats
  2 frilled lizards (D:1)
  8 kobolds
  5 rats
146 creatures vanquished.

Vanquished Creatures (others)
  6 withered plants (D:1)
6 creatures vanquished.

Grand Total: 152 creatures vanquished

Notes
Turn   | Place    | Note
-------+----------+-------------------------------------------
     0 | D:1      | MisterFreud the Formicid Gladiator began the quest for the
                  | Orb.
     0 | D:1      | Reached XP level 1. HP: 16/16 MP: 1/1
   314 | D:1      | Reached XP level 2. HP: 12/22 MP: 2/2
   762 | D:1      | Reached skill level 4 in Staves
   762 | D:1      | Reached XP level 3. HP: 27/27 MP: 3/3
  1201 | D:2      | Noticed a scorpion
  1479 | D:3      | Reached XP level 4. HP: 33/33 MP: 4/4
  1492 | D:3      | Noticed Jessica
  1502 | D:3      | Killed Jessica
  1503 | D:3      | Reached skill level 5 in Staves
  1655 | D:3      | Reached XP level 5. HP: 29/38 MP: 5/5
  1896 | D:3      | Reached skill level 6 in Staves
  1986 | D:3      | Noticed an orc warrior
  2075 | D:3      | Noticed Ijyb
  2086 | D:3      | Killed Ijyb
  2087 | D:3      | Reached skill level 1 in Armour
  2087 | D:3      | Reached XP level 6. HP: 42/46 MP: 6/6
  2120 | D:3      | Found a runed translucent gate.
  2121 | D:3      | Found a runed translucent gate.
  2122 | D:3      | Found a runed translucent gate.
  2122 | D:3      | Noticed CoolPlay's ghost (amateur MeEE)
  3344 | D:5      | Entered Level 5 of the Dungeon
  3473 | D:5      | Reached XP level 7. HP: 33/53 MP: 7/7
  3725 | D:4      | Found a shadowy altar of Dithmenos.
  3977 | D:4      | Found a burning altar of Makhleb.
  3977 | D:4      | Found a glowing silver altar of Zin.
  4019 | D:4      | Noticed an angel
  4019 | D:4      | Noticed a balrug
  4026 | D:4      | Reached skill level 1 in Evocations
  4189 | D:4      | Found a hazy altar of Hepliaklqana.
  4702 | D:5      | Noticed CoolSool's ghost (novice MfGl)
  4708 | D:5      | Found a runed translucent gate.
  4708 | D:5      | Found a runed translucent gate.
  4708 | D:5      | Found a runed translucent gate.
  4720 | D:5      | Noticed Duvessa
  4720 | D:5      | Noticed Dowan
  4740 | D:4      | Reached XP level 8. HP: 49/60 MP: 8/8
  4866 | D:5      | Killed Duvessa
  4882 | D:5      | Killed Dowan
  5079 | D:5      | Reached skill level 7 in Staves
  5111 | D:5      | Found Qenloufet's Antique Armour Shoppe.
  5163 | D:5      | Found a staircase to the Ecumenical Temple.
  5213 | Temple   | Entered the Ecumenical Temple
  5976 | D:6      | Reached skill level 8 in Staves
  6745 | D:6      | Reached XP level 9. HP: 54/65 MP: 9/9
  7038 | D:7      | Identified the +2 helmet of Liobrexe {rElec rF+++ MP-9
                  | Dex+2}
  7039 | D:7      | Found a runed translucent gate.
  7039 | D:7      | Found a runed translucent gate.
  7040 | D:7      | Found a runed translucent gate.
  7040 | D:7      | Noticed a slime creature
  7048 | D:7      | Reached skill level 9 in Staves
  7050 | D:7      | Noticed Garym's ghost (novice MiBe)
  7166 | D:7      | Reached skill level 10 in Staves
  7170 | D:7      | Reached skill level 5 in Fighting
  7189 | D:7      | Noticed Menkaure
  7334 | D:7      | Killed Menkaure
  7636 | D:7      | Reached XP level 10. HP: 80/80 MP: 10/10
  7964 | D:7      | Reached skill level 5 in Armour
  7971 | D:7      | Found a bloodstained altar of Trog.
  8206 | D:8      | Noticed an orange demon
  8276 | D:8      | Noticed Amaemon
  8371 | D:8      | Killed an orange demon
  8573 | D:7      | HP: 3/80 [poisoned by a scorpion]
  8574 | D:7      | Succumbed to a scorpion's poison

Illustrated notes

Levels and vault maps discovered:
D:1:      spicycebolla_arrival_clurvy, layout_basic,
          amcnicky_mini_rare_corridor_liquid
D:2:      layout_basic
D:3:      layout_loops_ring, gammafunk_ghost_split, kennysheep_crisscross,
          uniq_ijyb, uniq_jessica
D:4:      layout_rooms, nicolae_dithmenos_through_a_glass_darkly,
          worldfamousw_hep_ancestral_shrine,
          grunt_temple_overflow_order_and_chaos_2
D:5:      layout_loops_ring, minmay_temple_entry_offerings,
          gammafunk_ghost_nasty_kobolds, serial_shops, nicolae_take_the_stairs,
          uniq_duvessa
D:6:      layout_basic, bh_walls_and_bars
D:7:      layout_loops_cross, trog_antimagical, gammafunk_ghost_split,
          minmay_misc_feat_five, uniq_menkaure
D:8:      layout_cave_pods, mainiacjoe_overflow_six_doors_small, enter_bailey_2,
          gammafunk_ghost_wrathful_warriors, hangedman_decor_growths,
          nicolae_elevator_lobby_asterisk, uniq_amaemon
Temple:   compressed_dpeg_circular_temple

Skill      XL: |  1  2  3  4  5  6  7  8  9 10 |
---------------+-------------------------------+-----
Staves         | 4 5 6 8 10 | 10.0
Armour         | 1 2 4 8 |  8.0
Fighting       | 3 4 8 |  8.0
Evocations     | 4 |  4.0
Throwing       | |  2.0
Dodging        | |  2.6

Action                   |  1- 3 |  4- 6 |  7- 9 | 10-12 || total
-------------------------+-------+-------+-------+-------++-------
Melee: Quarterstaff      |    93 |   126 |   274 |    78 ||   571
       Punch             |       |       |     8 |       ||     8
Throw: Dart              |       |       |     3 |     7 ||    10
       Boomerang         |       |       |       |     5 ||     5
       Throwing net      |       |       |       |     1 ||     1
  Use: Scroll            |     5 |     2 |     4 |     2 ||    13
       Potion            |       |       |       |     3 ||     3
 Stab: Held in net/web   |       |       |       |     1 ||     1
Armor: Leather armour    |     3 |       |       |       ||     3
       Ring mail         |    37 |    50 |    91 |       ||   178
       Steam dragon scal |       |       |    26 |    50 ||    76
Dodge: Dodged            |    76 |    71 |   148 |    75 ||   370
